 Dungeon Crawl Stone Soup version 0.31.0-12-g77e489cdc1 (webtiles) character file.

Game seed: 3484818667625253933

168 unlimited1921 the Magician (level 5, -1/46 HPs)
             Began as an Oni Fire Elementalist on Mar 2, 2024.
             Succumbed to a scorpion's poison
             ... on level 4 of the Dungeon.
             The game lasted 00:12:39 (6632 turns).

unlimited1921 the Magician (Oni Fire Elementalist)  Turns: 6632, Time: 00:12:40

Health: -1/46      AC:  3    Str: 10 (12) XL:     5   Next: 48%
Magic:  6/11       EV:  9    Int: 16 (18) God:
Gold:   247        SH:  0    Dex:  6 (9)  Spells: 11/12 levels left

rFire   + . .        m - +2 mace (protect)
rCold   . . .        (no shield)
rNeg    . . .        a - +0 robe
rPois   .            (helmet restricted)
rElec   .            (no cloak)
rCorr   .            (gloves unavailable)
SInv    .            (boots unavailable)
Will    .....        (no amulet)
Stlth   +            t - ring of wizardry
HPRegen 0.27/turn    z - ring of protection from fire
MPRegen 0.12/turn

%: wizardry (x1)
@: brilliant, lethally poisoned (-1 -> -13)
A: large, unfitting armour, horns 1, tough skin 1, double potion healing,
drunken brawling
a: no special abilities


You were on level 4 of the Dungeon.
You visited 1 branch of the dungeon, and saw 4 of its levels.

You collected 247 gold pieces.

Inventory:

Hand Weapons
 c - a +0 short sword
 d - a +0 sling
 j - a +2 vampiric whip
 m - a +2 mace of protection (weapon)
 q - a +2 spear of venom
 r - a +1 dagger of electrocution
Missiles
 y - 35 stones
Armour
 a - a +0 robe (worn)
Jewellery
 t - a ring of wizardry (left hand)
 z - a ring of protection from fire (right hand)
Scrolls
 f - a scroll of enchant armour {unknown}
 i - a scroll of enchant weapon {unknown}
 k - a scroll of identify {unknown}
 l - a scroll of noise {unknown}
 n - a scroll of silence {unknown}
 u - a scroll of fog {unknown}
 w - 2 scrolls of teleportation {unknown}
Potions
 b - a potion of magic
 e - a potion of degeneration
 g - 3 potions of curing {unknown}
 h - a potion of heal wounds {unknown}
 p - a potion of mutation {unknown}
 s - 2 potions of lignification {unknown}
 v - 2 potions of haste {unknown}
 x - a potion of attraction {unknown}


   Skills:
 + Level 0.4 Fighting
 + Level 0.7 Maces & Flails
 + Level 2.0 Dodging
 + Level 1.7 Stealth
 + Level 4.1 Spellcasting
 + Level 2.2 Conjurations
 + Level 3.5 Fire Magic


You had 11 spell levels left.
You knew the following spells:

 Your Spells              Type           Power      Damage    Failure   Level
a - Foxfire               Conj/Fire      72%        2x1d7     1%          1

Your spell library contained the following spells:

 Spells                   Type           Power      Damage    Failure   Level
 Scorch                   Fire           44%        2d6       2%          2
 Inner Flame              Hex/Fire       13%        N/A       10%         3
 Volatile Blastmotes      Fire/Tloc      26%        2d12      10%         3
 Flame Wave               Conj/Fire      18%        2d7       21%         4


Dungeon Overview and Level Annotations

Branches:
Dungeon (4/15)
 Temple: D:4-7

Altars:
Kikubaaqudgha
Okawaru


Innate Abilities, Weirdness & Mutations

You are too large for most types of armour.
You have a pair of small horns on your head.
You have tough skin. (AC +1)
You gain doubled healing and magic from potions.
Whenever you drink a healing potion, you attack all around you.


Message History

The scorpion is severely wounded.
The scorpion completely misses you.
The scorpion stings you but does no damage.
Casting: Foxfire (safe; 1% risk of failure)
Confirm with . or Enter, or press ? or * to list all spells.
You conjure some foxfire!
You feel sick. The scorpion stings you.
You are more poisoned.
The scorpion poisons you!
You barely miss the scorpion.
The scorpion is severely wounded.
You feel very sick.
The foxfire hits the scorpion but does no damage.
The scorpion is severely wounded.
The foxfire hits the scorpion but does no damage.
The scorpion is severely wounded.
The scorpion stings you.
You are lethally poisoned!
The scorpion poisons you! The scorpion stings you.
Casting: Foxfire (safe; 1% risk of failure)
Confirm with . or Enter, or press ? or * to list all spells.
You conjure some foxfire!
* * * LOW HITPOINT WARNING * * *
You feel extremely sick. The scorpion closely misses you.
* * * LOW HITPOINT WARNING * * *
You feel very sick.
The foxfire hits the scorpion but does no damage.
The scorpion is heavily wounded.
The foxfire hits the scorpion.
The scorpion is almost dead.
Your magical contamination has completely faded away.
It was a potion of degeneration.
There was something very wrong with that liquid.
You feel weakened.
You feel dopey.
You feel clumsy.
* * * LOW HITPOINT WARNING * * *
You feel very sick. The scorpion closely misses you.
It was a potion of brilliance.
You feel clever all of a sudden.
You die...

#.#.# ..... #.#.#
#.#.# ######.#.# .#
#.######......#.#...#
#......'......'.....#
########.....s#v##..#
######....@.#...
#...........#.###
#.##......##### #.
#......# #.##......#
#.#.......#
#.#.#.......#
#...<.......#
###.#..#......


You could see a scorpion.

Vanquished Creatures
  Jessica (D:3)
  A sleepcap (D:3)
  2 adders (D:2)
  4 dart slugs
  A ribbon worm (D:2)
  An orc (D:3)
  5 ball pythons (D:1)
  6 bats
  7 endoplasms
  5 giant cockroaches
  12 goblins
  11 hobgoblins
  3 jackals (D:2)
  5 kobolds
  2 quokkas
  2 frilled lizards
  15 rats
83 creatures vanquished.

Vanquished Creatures (others)
  261 foxfires
261 creatures vanquished.

Grand Total: 344 creatures vanquished

Notes
Turn   | Place    | Note
-------+----------+-------------------------------------------
     0 | D:1      | unlimited1921 the Oni Fire Elementalist began the quest for
                  | the Orb.
     0 | D:1      | Reached XP level 1. HP: 16/16 MP: 3/3
   244 | D:1      | Reached skill level 3 in Spellcasting
   244 | D:1      | Reached XP level 2. HP: 24/24 MP: 0/6
   577 | D:1      | Reached skill level 1 in Conjurations
  1270 | D:1      | Reached XP level 3. HP: 31/31 MP: 4/7
  1975 | D:1      | Found a faded altar of an unknown god.
  3812 | D:2      | Reached XP level 4. HP: 39/39 MP: 6/9
  4683 | D:3      | Reached XP level 5. HP: 30/45 MP: 2/10
  4824 | D:3      | Found an ancient bone altar of Kikubaaqudgha.
  5177 | D:3      | Noticed Jessica
  5195 | D:3      | Killed Jessica
  5196 | D:3      | Reached skill level 4 in Spellcasting
  6191 | D:3      | Found an iron altar of Okawaru.
  6631 | D:4      | HP: 2/46 [poisoned by a scorpion]
  6632 | D:4      | Succumbed to a scorpion's poison

Illustrated notes

Levels and vault maps discovered:
D:1:      dpeg_arrival_ratfight, layout_basic,
          shapermc_ecumenical_altar_mp_highgroup
D:2:      cheibrodos_greedy_goblins, layout_basic
D:3:      layout_loops_ring, okawaru_altar_gauntlet_db,
          mainiacjoe_overflow_24_doors, uniq_jessica
D:4:      layout_basic, grunt_temple_overflow_lords_of_destruction,
          gammafunk_ghost_grave, mainiacjoe_ossuary_entry_find_the_door,
          serial_shops, shop, minmay_fountain_box, uniq_eustachio, uniq_ijyb,
          uniq_duvessa

Skill      XL: |  1  2  3  4  5 |
---------------+----------------+-----
Spellcasting   | 3 4 |  4.1
Conjurations   | 1 2 |  2.2
Fire Magic     | 3 |  3.5
Dodging        | 2 |  2.0
Fighting       | |  0.4
Maces & Flails | |  0.7
Stealth        | |  1.7

Action                     |  1- 3 |  4- 6 || total
---------------------------+-------+-------++-------
  Melee: Short sword       |     1 |       ||     1
         Whip              |     7 |       ||     7
         Headbutt          |     2 |     7 ||     9
         Mace              |     4 |    31 ||    35
   Cast: Foxfire           |    90 |    72 ||   162
    Use: Potion            |       |     2 ||     2
   Stab: Sleeping          |     1 |       ||     1
 Armour: Robe              |    13 |    45 ||    58
  Dodge: Dodged            |     9 |    26 ||    35
